 Dungeon Sprint DCSS version 0.30-a0-250-g41c1d76940 (webtiles) character file.

Game seed: 2525718223012972028

4700000 ytrimaz the Conqueror (level 22, 0/212 HPs)
             Began as a Demonspawn Monk on Oct 12, 2022.
             Was the Champion of Makhleb.
             Slain by The Servant
             ... wielding a +9 glaive of flaming
              (78 damage)
             ... in the Dungeon (Sprint VIII: "Arena of Blood").
             The game lasted 00:01:30 (47 turns).

ytrimaz the Conqueror (Demonspawn Monk)               Turns: 47, Time: 00:01:30

Health: 0/212      AC:  8    Str: 11    XL:     22   Next: 67%
Magic:  53/53      EV: 42    Int: 15    God:    Makhleb [******]
Gold:   0          SH:  0    Dex: 24    Spells: 75/75 levels left

rFire   . . .      SeeInvis .    i - +∞ Axe of Woe
rCold   . . .      Faith    .    (shield currently unavailable)
rNeg    . . .      Spirit   .    a - +0 robe
rPois   .          Reflect  .    (no helmet)
rElec   .          Harm     .    (no cloak)
rCorr   +          Rampage  .    (no gloves)
Will    +....      NoTele   +    (boots unavailable)
Stlth   ++++++++++               (no amulet)
HPRegen 0.55/turn                (no ring)
MPRegen 0.33/turn                (no ring)

@: mighty, agile
A: hooves 3, yellow scales 3, foul stench 3, powered by pain 2, bedeviling
a: Renounce Religion, Minor Destruction, Lesser Servant of Makhleb, Major
Destruction, Greater Servant of Makhleb


You were in the Dungeon.
You worshipped Makhleb.
Makhleb was exalted by your worship.
You visited 1 branch


Innate Abilities, Weirdness & Mutations

You have hooves in place of feet.
You are completely covered in yellow scales. (AC +4, rCorr)
You frequently emit foul miasma when damaged in melee.
You sometimes gain power by taking damage.
Your hexes are more powerful.


   Skills:
 O Level 27 Fighting
 + Level 1.9(2.3) Short Blades
 + Level 2.1(2.4) Long Blades
 O Level 27 Axes
 O Level 27 Maces & Flails
 O Level 27 Polearms
 O Level 27 Staves
 + Level 2.1 Ranged Weapons
 + Level 2.1 Throwing
 O Level 27 Armour
 O Level 27 Dodging
 O Level 27 Stealth
 + Level 1.9 Shields
 O Level 27 Unarmed Combat
 O Level 27 Spellcasting
 + Level 2.2 Conjurations
 + Level 2.3 Hexes
 + Level 2.1 Summonings
 + Level 2.5 Necromancy
 + Level 1.9 Translocations
 + Level 2.0 Transmutations
 + Level 2.0 Fire Magic
 + Level 2.0 Ice Magic
 + Level 2.1 Air Magic
 + Level 2.1 Earth Magic
 + Level 2.1 Poison Magic
 O Level 27 Invocations
 + Level 2.2 Evocations


You had 75 spell levels left.
You didn't know any spells.
Your spell library was empty.

Inventory:

Hand Weapons
 i - the +∞ Axe of Woe (weapon)
   (You found it in the Dungeon)
Armour
 a - a +0 robe (worn)
Scrolls
 h - a scroll of blinking
Potions
 b - a potion of ambrosia
 c - a potion of curing
 d - a potion of heal wounds
 e - a potion of haste
 f - 2 potions of magic
 g - a potion of berserk rage

Dungeon Overview and Level Annotations

Branches:
Dungeon (1/1) Zot: 27000

Altars:
Makhleb

Annotations:
D The Servant

.......... §.....
#.......# .......
#.......# .....o.
.###....)))###.§Lo...
......###))°○.§o.ooo.
......._.))o.oooD..o.
....#.....#@○o☼V.V#.#
. #_.<.o#Voo§O....§
#.....#))@)o.#.#
....._..§☼))Vo..§O.
......###.........#.#
.###.......###..o....
#o......# .......
#.......# .......
......... ....... ...
.#..o#.


You could see a tyrant, The Servant, an eight-headed meat hydra, 4 destroyers, 2
meat berserkers and 18 bags of meat.


Message History

You hit the sculptor of flesh but do no damage.
You pulverise the sculptor of flesh into a thin bloody mist.
You destroy the sculptor of flesh!
Makhleb accepts your kill.
The meat berserker appears out of thin air!
A meat berserker comes into view. It is wielding a +9 battleaxe.
The destroyer gestures at you while chanting.
The destroyer blinks!
The bag of meat is engulfed in blazing flames.
A bag of meat comes into view. It is wielding a +9 war axe.
The bag of meat is engulfed in blazing flames.
A bag of meat comes into view. It is wielding a +9 war axe.
The bag of meat is engulfed in blazing flames.
You hear a shout! x4
The destroyer casts a spell at you.
The destroyer blinks!
Your base Staves skill gained 8 levels and is now at level 26! 😎 HP[+21] MP[+1]
Your hp is fully restored (212).
Unknown command.
Unknown command.
Unknown command.
Unknown command.
The meat berserker shouts!
You open the bag of meat like a pillowcase!!!
You butcher the bag of meat messily.
You kill the bag of meat!
Makhleb accepts your kill.
You hit the bag of meat.
You fatally mangle the bag of meat.
You kill the bag of meat!
Makhleb accepts your kill.
You slash the bag of meat!
You dissect the bag of meat like a pig carcass.
You kill the bag of meat!
Makhleb accepts your kill.
You slice the bag of meat!!
You fatally mangle the bag of meat.
You kill the bag of meat!
Makhleb accepts your kill.
The eight-headed meat hydra calls on the powers of darkness!
The eight-headed meat hydra convulses!
The meat berserker convulses!
The bag of meat convulses! x9; The Servant convulses!
The bag of meat convulses! x7
Your body is wracked with pain!
You focus on the pain.
You feel mightier all of a sudden.
The bag of meat convulses! x2; The meat berserker convulses!
The bag of meat convulses!
The Servant hits you from afar with a +9 glaive of flaming!!!
* * * LOW HITPOINT WARNING * * *
You focus on the pain.
You feel your power returning. The Servant burns you!
* * * LOW HITPOINT WARNING * * *
You hear a shout! x3
The destroyer gestures at you while chanting.
The destroyer blinks!
You hear a shout!
A bag of meat comes into view. It is wielding a +9 war axe.
You hear a shout!
The bag of meat is engulfed in blazing flames.
You hear two shouts!
You have mastered Staves!
You need to enable at least one skill for training.
Your base Short Blades skill increases to level 1!
Your Long Blades skill gained 2 levels and is now at level 2!
Your Ranged Weapons skill gained 2 levels and is now at level 2!
Your Throwing skill gained 2 levels and is now at level 2!
Your Shields skill increases to level 1!
Your Conjurations skill gained 2 levels and is now at level 2!
Your Hexes skill gained 2 levels and is now at level 2!
Your Summonings skill gained 2 levels and is now at level 2!
Your Necromancy skill gained 2 levels and is now at level 2!
Your Translocations skill increases to level 1!
Your Transmutations skill gained 2 levels and is now at level 2!
Your Fire Magic skill gained 2 levels and is now at level 2!
Your Ice Magic skill gained 2 levels and is now at level 2!
Your Air Magic skill gained 2 levels and is now at level 2!
Your Earth Magic skill gained 2 levels and is now at level 2!
Your Poison Magic skill gained 2 levels and is now at level 2!
Your Evocations skill gained 2 levels and is now at level 2! 😨 HP[-151] MP[+5]
You take 151 damage, and now have 61/212 hp.
MASSIVE DAMAGE!! (PAUSE)
Your mp is fully restored (53).
Unknown command.
Unknown command.
The bag of meat shouts!
You hit the bag of meat.
You pulverise the bag of meat into a thin bloody mist.
You kill the bag of meat!
Makhleb accepts your kill.
You slice the bag of meat!!
You pulverise the bag of meat into a thin bloody mist.
You kill the bag of meat!
Makhleb accepts your kill.
You feel better.
The destroyer points at you and mumbles some strange words.
The destroyer blinks!
You hear a shout!
The bag of meat is engulfed in blazing flames. x2
The meat berserker rages.
The Servant hits you from afar with a +9 glaive of flaming!!!!
You die...

Skill      XL: |  1  2  3  4  5  6  7  8  9 10 11 12 13 14 15 16 17 18 19 20 21 22 |
---------------+-------------------------------------------------------------------+-----
Fighting       | 12 14 16 18 20 22 25 27 | 27.0
Axes           | 10 12 14 17 18 20 23 27 | 27.0
Armour         | 10 12 14 17 18 20 23 27 | 27.0
Dodging        | 11 12 14 17 18 20 23 27 | 27.0
Stealth        | 12 13 15 18 20 22 25 27 | 27.0
Maces & Flails | 6 10 17 23 27 | 27.0
Polearms       | 6 10 17 23 27 | 27.0
Unarmed Combat | 6 11 17 23 27 | 27.0
Spellcasting   | 6 10 17 23 27 | 27.0
Invocations    | 8 14 24 27 | 27.0
Staves         | 17 27 | 27.0
Short Blades   | 1 |  1.9
Long Blades    | 2 |  2.1
Ranged Weapons | 2 |  2.1
Throwing       | 2 |  2.1
Shields        | 1 |  1.9
Conjurations   | 2 |  2.2
Hexes          | 2 |  2.3
Summonings     | 2 |  2.1
Necromancy     | 2 |  2.5
Translocations | 1 |  1.9
Transmutations | 2 |  2.0
Fire Magic     | 2 |  2.0
Ice Magic      | 2 |  2.0
Air Magic      | 2 |  2.1
Earth Magic    | 2 |  2.1
Poison Magic   | 2 |  2.1
Evocations     | 2 |  2.2

Action                   |  1- 3 |  4- 6 |  7- 9 | 10-12 | 13-15 | 16-18 | 19-21 | 22-24 || total
-------------------------+-------+-------+-------+-------+-------+-------+-------+-------++-------
Melee: Executioner's axe |     1 |       |       |     2 |     7 |     5 |     9 |     4 ||    28
Dodge: Dodged            |       |       |       |       |     1 |       |     4 |     1 ||     6

Levels and vault maps discovered:
D:        meatsprint

Notes
Turn   | Place    | Note
-------+----------+-------------------------------------------
     0 | D        | Found the +∞ Axe of Woe
     0 | D        | ytrimaz the Demonspawn Monk began the quest for the Orb.
     0 | D        | Reached XP level 1. HP: 18/18 MP: 1/1
     0 | D        | magus.rc [v1.9.6]
     1 | D        | Noticed a bag of meat
     1 | D        | Noticed a bag of meat
     3 | D        | Became a worshipper of Makhleb the Destroyer
     3 | D        | Reached * piety under Makhleb
     3 | D        | Reached ** piety under Makhleb
     5 | D        | Noticed a bag of meat
     8 | D        | Killed a bag of meat
     8 | D        | Noticed a meat berserker
     9 | D        | Reached skill level 12 in Fighting
     9 | D        | Reached skill level 10 in Axes
     9 | D        | Reached skill level 10 in Armour
     9 | D        | Reached skill level 11 in Dodging
     9 | D        | Reached skill level 12 in Stealth
     9 | D        | Gained mutation: You sometimes gain a little power by
                  | taking damage. [demonic ancestry]
     9 | D        | Reached XP level 2. HP: 38/38 MP: 2/2
     9 | D        | Gained mutation: You have large cloven feet. [demonic
                  | ancestry]
     9 | D        | Reached XP level 3. HP: 44/44 MP: 3/3
     9 | D        | Reached XP level 4. HP: 51/51 MP: 4/4
     9 | D        | Reached XP level 5. HP: 57/57 MP: 5/5
     9 | D        | Reached XP level 6. HP: 64/64 MP: 6/6
     9 | D        | Gained mutation: You may rarely emit foul miasma when
                  | damaged in melee. [demonic ancestry]
     9 | D        | Reached XP level 7. HP: 70/70 MP: 7/7
     9 | D        | Gained mutation: You are partially covered in yellow
                  | scales. (AC +2) [demonic ancestry]
     9 | D        | Reached XP level 8. HP: 76/76 MP: 8/8
     9 | D        | Gained mutation: You are mostly covered in yellow scales.
                  | (AC +3) [demonic ancestry]
     9 | D        | Reached XP level 9. HP: 82/82 MP: 9/9
     9 | D        | Gained mutation: You sometimes gain power by taking damage.
                  | [demonic ancestry]
     9 | D        | Reached XP level 10. HP: 89/89 MP: 10/10
    10 | D        | Killed a bag of meat
    11 | D        | Reached skill level 14 in Fighting
    11 | D        | Reached skill level 12 in Axes
    11 | D        | Reached skill level 12 in Armour
    11 | D        | Reached skill level 12 in Dodging
    11 | D        | Reached skill level 13 in Stealth
    11 | D        | Reached XP level 11. HP: 100/100 MP: 11/11
    11 | D        | Noticed a meat berserker
    12 | D        | Killed a meat berserker
    12 | D        | Noticed a meat berserker
    13 | D        | Reached skill level 16 in Fighting
    13 | D        | Reached skill level 14 in Axes
    13 | D        | Reached skill level 14 in Armour
    13 | D        | Reached skill level 14 in Dodging
    13 | D        | Reached skill level 15 in Stealth
    13 | D        | Reached XP level 12. HP: 106/111 MP: 12/12
    13 | D        | Gained mutation: You are completely covered in yellow
                  | scales. (AC +4, rCorr) [demonic ancestry]
    13 | D        | Reached XP level 13. HP: 112/117 MP: 13/13
    13 | D        | Noticed a bag of meat
    14 | D        | Killed a meat berserker
    14 | D        | Reached *** piety under Makhleb
    15 | D        | Reached skill level 17 in Fighting
    15 | D        | Reached skill level 16 in Axes
    15 | D        | Reached skill level 16 in Armour
    15 | D        | Reached skill level 16 in Dodging
    15 | D        | Reached skill level 17 in Stealth
    15 | D        | Noticed a meat berserker
    15 | D        | Noticed a bag of meat
    15 | D        | Noticed a bag of meat
    15 | D        | Noticed a bag of meat
    16 | D        | Killed a meat berserker
    16 | D        | Noticed a meat berserker
    17 | D        | Reached skill level 18 in Fighting
    17 | D        | Reached skill level 17 in Axes
    17 | D        | Reached skill level 17 in Armour
    17 | D        | Reached skill level 17 in Dodging
    17 | D        | Reached skill level 18 in Stealth
    17 | D        | Gained mutation: You sometimes emit foul miasma when
                  | damaged in melee. [demonic ancestry]
    17 | D        | Reached XP level 14. HP: 62/131 MP: 14/14
    17 | D        | Killed a meat berserker
    17 | D        | Noticed a bag of meat
    18 | D        | Reached skill level 19 in Fighting
    18 | D        | Reached skill level 18 in Axes
    18 | D        | Reached skill level 18 in Armour
    18 | D        | Reached skill level 18 in Dodging
    18 | D        | Reached skill level 19 in Stealth
    18 | D        | Killed a bag of meat
    18 | D        | Reached **** piety under Makhleb
    18 | D        | Noticed a bag of meat
    18 | D        | Noticed a large bag of meat
    19 | D        | Reached skill level 20 in Fighting
    19 | D        | Reached skill level 20 in Stealth
    19 | D        | Reached XP level 15. HP: 113/142 MP: 15/15
    19 | D        | Noticed a meat berserker
    20 | D        | Reached skill level 21 in Fighting
    20 | D        | Reached skill level 19 in Axes
    20 | D        | Reached skill level 19 in Armour
    20 | D        | Reached skill level 19 in Dodging
    20 | D        | Reached skill level 21 in Stealth
    20 | D        | Reached ***** piety under Makhleb
    20 | D        | Noticed a large bag of meat
    21 | D        | Reached skill level 20 in Dodging
    21 | D        | Noticed a meat berserker
    22 | D        | Killed a meat berserker
    23 | D        | Reached skill level 22 in Fighting
    23 | D        | Reached skill level 20 in Axes
    23 | D        | Reached skill level 20 in Armour
    23 | D        | Reached skill level 22 in Stealth
    23 | D        | Gained mutation: You have hoof-like feet. [demonic
                  | ancestry]
    23 | D        | Reached XP level 16. HP: 155/155 MP: 16/16
    23 | D        | Noticed a large bag of meat
    24 | D        | Killed a meat berserker
    24 | D        | Killed a large bag of meat
    24 | D        | Noticed a destroyer
    24 | D        | Noticed a meat berserker
    25 | D        | Reached skill level 24 in Fighting
    25 | D        | Reached skill level 22 in Axes
    25 | D        | Reached skill level 22 in Armour
    25 | D        | Reached skill level 22 in Dodging
    25 | D        | Reached skill level 24 in Stealth
    25 | D        | Noticed a meat berserker
    26 | D        | Killed a meat berserker
    26 | D        | Killed a large bag of meat
    27 | D        | Reached skill level 25 in Fighting
    27 | D        | Reached skill level 23 in Axes
    27 | D        | Reached skill level 23 in Armour
    27 | D        | Reached skill level 23 in Dodging
    27 | D        | Reached skill level 25 in Stealth
    27 | D        | Gained mutation: You have hooves in place of feet. [demonic
                  | ancestry]
    27 | D        | Reached XP level 17. HP: 126/171 MP: 17/17
    27 | D        | Noticed a meat berserker
    27 | D        | Noticed The Servant
    28 | D        | Killed a large bag of meat
    28 | D        | Reached ****** piety under Makhleb
    28 | D        | Noticed a meat berserker
    29 | D        | Reached skill level 26 in Fighting
    29 | D        | Reached skill level 24 in Axes
    29 | D        | Reached skill level 24 in Armour
    29 | D        | Reached skill level 25 in Dodging
    29 | D        | Reached skill level 26 in Stealth
    29 | D        | Noticed a sculptor of flesh
    29 | D        | Noticed a meat berserker
    29 | D        | Noticed a meat berserker
    29 | D        | Noticed a large bag of meat
    29 | D        | Noticed a meat berserker
    29 | D        | Noticed a large bag of meat
    30 | D        | Killed a destroyer
    30 | D        | Killed a meat berserker
    30 | D        | Killed a sculptor of flesh
    31 | D        | Reached skill level 27 in Fighting
    31 | D        | Reached skill level 27 in Axes
    31 | D        | Reached skill level 27 in Armour
    31 | D        | Reached skill level 27 in Dodging
    31 | D        | Reached skill level 27 in Stealth
    31 | D        | Reached skill level 6 in Maces & Flails
    31 | D        | Reached skill level 6 in Polearms
    31 | D        | Reached skill level 6 in Unarmed Combat
    31 | D        | Reached skill level 6 in Spellcasting
    31 | D        | Reached skill level 8 in Invocations
    31 | D        | Reached XP level 18. HP: 182/182 MP: 17/27
    31 | D        | Killed a meat berserker
    31 | D        | Killed a meat berserker
    32 | D        | Reached skill level 10 in Maces & Flails
    32 | D        | Reached skill level 10 in Polearms
    32 | D        | Reached skill level 11 in Unarmed Combat
    32 | D        | Reached skill level 10 in Spellcasting
    32 | D        | Reached skill level 14 in Invocations
    32 | D        | Gained mutation: You frequently emit foul miasma when
                  | damaged in melee. [demonic ancestry]
    32 | D        | Reached XP level 19. HP: 189/189 MP: 17/33
    33 | D        | Killed a meat berserker
    33 | D        | Noticed a destroyer
    34 | D        | Reached skill level 13 in Maces & Flails
    34 | D        | Reached skill level 13 in Polearms
    34 | D        | Reached skill level 13 in Unarmed Combat
    34 | D        | Reached skill level 13 in Spellcasting
    34 | D        | Reached skill level 18 in Invocations
    34 | D        | Killed a meat berserker
    34 | D        | Noticed a meat berserker
    35 | D        | Reached skill level 15 in Maces & Flails
    35 | D        | Reached skill level 15 in Polearms
    35 | D        | Reached skill level 15 in Unarmed Combat
    35 | D        | Reached skill level 15 in Spellcasting
    35 | D        | Reached skill level 20 in Invocations
    35 | D        | Killed a meat berserker
    35 | D        | Killed a meat berserker
    35 | D        | Noticed a meat berserker
    36 | D        | Reached skill level 17 in Maces & Flails
    36 | D        | Reached skill level 17 in Polearms
    36 | D        | Reached skill level 17 in Unarmed Combat
    36 | D        | Reached skill level 17 in Spellcasting
    36 | D        | Reached skill level 24 in Invocations
    36 | D        | Reached XP level 20. HP: 138/197 MP: 32/41
    36 | D        | Noticed a destroyer
    36 | D        | Noticed an eight-headed meat hydra
    36 | D        | Noticed a destroyer
    36 | D        | HP: 37/197 [The Servant/+9 glaive of flaming (81)]
    36 | D        | HP: 17/197 [The Servant/+9 glaive of flaming (20)]
    37 | D        | Killed a large bag of meat
    37 | D        | Killed a large bag of meat
    37 | D        | Noticed a destroyer
    38 | D        | Reached skill level 20 in Maces & Flails
    38 | D        | Reached skill level 20 in Polearms
    38 | D        | Reached skill level 20 in Unarmed Combat
    38 | D        | Reached skill level 20 in Spellcasting
    38 | D        | Reached skill level 27 in Invocations
    38 | D        | Noticed a destroyer
    38 | D        | Noticed a destroyer
    38 | D        | Noticed a meat berserker
    40 | D        | Reached skill level 23 in Maces & Flails
    40 | D        | Reached skill level 23 in Polearms
    40 | D        | Reached skill level 23 in Unarmed Combat
    40 | D        | Reached skill level 23 in Spellcasting
    40 | D        | Reached XP level 21. HP: 99/204 MP: 33/48
    40 | D        | Killed a destroyer
    41 | D        | Reached skill level 24 in Maces & Flails
    41 | D        | Reached skill level 24 in Polearms
    41 | D        | Reached skill level 25 in Unarmed Combat
    41 | D        | Reached skill level 24 in Spellcasting
    42 | D        | Reached skill level 25 in Maces & Flails
    42 | D        | Reached skill level 25 in Polearms
    42 | D        | Reached skill level 25 in Spellcasting
    42 | D        | Killed a destroyer
    42 | D        | Noticed a destroyer
    42 | D        | Noticed a destroyer
    43 | D        | Reached skill level 26 in Maces & Flails
    43 | D        | Reached skill level 26 in Polearms
    43 | D        | Reached skill level 26 in Unarmed Combat
    43 | D        | Reached skill level 26 in Spellcasting
    43 | D        | Killed a destroyer
    44 | D        | Reached skill level 27 in Maces & Flails
    44 | D        | Reached skill level 27 in Polearms
    44 | D        | Reached skill level 27 in Unarmed Combat
    44 | D        | Reached skill level 27 in Spellcasting
    44 | D        | Reached skill level 17 in Staves
    44 | D        | Gained mutation: Your hexes are more powerful. [demonic
                  | ancestry]
    44 | D        | Reached XP level 22. HP: 174/212 MP: 47/53
    44 | D        | Noticed a tyrant
    45 | D        | Reached skill level 18 in Staves
    45 | D        | Killed a destroyer
    46 | D        | Reached skill level 26 in Staves
    47 | D        | Reached skill level 27 in Staves
    47 | D        | Reached skill level 1 in Short Blades
    47 | D        | Reached skill level 2 in Long Blades
    47 | D        | Reached skill level 2 in Ranged Weapons
    47 | D        | Reached skill level 2 in Throwing
    47 | D        | Reached skill level 1 in Shields
    47 | D        | Reached skill level 2 in Conjurations
    47 | D        | Reached skill level 2 in Hexes
    47 | D        | Reached skill level 2 in Summonings
    47 | D        | Reached skill level 2 in Necromancy
    47 | D        | Reached skill level 1 in Translocations
    47 | D        | Reached skill level 2 in Transmutations
    47 | D        | Reached skill level 2 in Fire Magic
    47 | D        | Reached skill level 2 in Ice Magic
    47 | D        | Reached skill level 2 in Air Magic
    47 | D        | Reached skill level 2 in Earth Magic
    47 | D        | Reached skill level 2 in Poison Magic
    47 | D        | Reached skill level 2 in Evocations
    47 | D        | Slain by The Servant

Vanquished Creatures
  5 vampire knights (D)
  17 ogres (D)
  5 two-headed ogres (D)
  39 orcs (D)
  2 skeletal warriors (D)
68 creatures vanquished.

Table legend:
 A = Non-vault XP
 B = Vault XP
 C = Vault XP percentage of total XP
 D = Non-vault monster count
 E = Vault monster count
 F = Vault count percentage of total count
                 A         B        C        D         E       F
            +---------+---------+-------+---------+---------+-------
      Total |  393126 |  410170 |  51.1 |      23 |      45 |  66.2
            +---------+---------+-------+---------+---------+-------
          D |  393126 |  410170 |  51.1 |      23 |      45 |  66.2
            +---------+---------+-------+---------+---------+-------

Illustrated notes

Table legend:
 A = Kills in this place as a percentage of kills in entire the game.
 B = Kills by you in this place as a percentage of kills by you in the entire game.
 C = Kills by friends in this place as a percentage of kills by friends in the entire game.
 D = Other kills in this place as a percentage of other kills in the entire game.
 E = Experience gained in this place as a percentage of experience gained in the entire game.
 F = Experience gained in this place divided by the number of levels of this place that you have seen.
                   A       B       C       D       E      F
               +-------+-------+-------+-------+-------+----------------------
         Total | 100.0 | 100.0 |   N/A |   N/A | 100.0 | 803296.0
       Dungeon | 100.0 | 100.0 |   N/A |   N/A | 100.0 | 803296.0
               +-------+-------+-------+-------+-------+----------------------

Table legend: (Time is in decaauts)
 A = Elapsed time spent in this place.
 B = Non-inter-level travel time spent in this place.
 C = Inter-level travel time spent in this place.
 D = Time resting spent in this place.
 E = Time spent auto-exploring this place.
 F = Levels seen in this place.
 G = Mean time per level.
                   A        B        C        D        E       F      G
               +--------+--------+--------+--------+--------+-----+--------+
         Total |     43 |     43 |      0 |      0 |      0 |   1 |   43.0 |
       Dungeon |     43 |     43 |      0 |      0 |      0 |   1 |   43.0 |
               +--------+--------+--------+--------+--------+-----+--------+

Top non-repeatable levels by time:
       D: 43 daAuts
